Map: Kairos Junction LE

Players

Awers - Winner!

  • Race: Terran Terran
  • Spawn Location: 5:00

VitamiN

  • Race: Zerg Zerg
  • Spawn Location: 11:00

Event: 2019 WCS Summer

VOD

Have the link to the VOD?

Description

Time

  • Played on: July 12, 2019, 9:01 a.m.
  • Length: 5:00

All games in this series

Show
View Real Time Build Order
Export as new Build Order

Awers Terran - Winner!

Build Orders: Reaper Expand 

Get SALT Encoding   

  12  0:00  SCV  
  13  0:12  SCV  
  14  0:17  Supply Depot  
  14  0:26  SCV  
  15  0:39  SCV  
  15  0:40  Barracks  
  16  0:44  Refinery  
  16  0:51  SCV  
  17  1:03  SCV  
  18  1:15  SCV  
  19  1:28  Orbital Command, Reaper  
  20  1:41  Command Center  
  20  1:51  Supply Depot  
  20  1:53  SCV  
  21  2:00  Marine  
  22  2:06  SCV  
  23  2:17  Factory  
  23  2:21  Refinery  
  23  2:22  Bunker  
  23  2:23  SCV  
  23  2:26  Marine  
  25  2:44  Marine, SCV  
  26  2:59  SCV  
  26  3:01  Marine  
  26  3:03  Starport  
  27  3:08  Factory Tech Lab  
  27  3:10  Orbital Command  
  27  3:13  SCV  
  27  3:19  Marine  
  29  3:27  Cyclone  
  29  3:31  Orbital Command  
  32  3:34  SCV  
  32  3:37  Marine  
  32  3:40  Starport Tech Lab, Supply Depot  
  34  3:46  SCV  
  35  3:49  Supply Depot  
  35  4:05  Banshee  
  38  4:15  Orbital Command, Cyclone  
  41  4:19  SCV  
  38  4:34  SCV  
  38  4:37  Barracks Reactor  
  39  4:43  SCV  
  39  4:50  Bunker  
Show
View Real Time Build Order
Export as new Build Order

VitamiN Zerg 

Build Orders: Pool First, Ravager All-In 

Get SALT Encoding   

  12  0:01  Drone  
  13  0:13  Overlord  
  13  0:17  Drone  
  14  0:31  Drone x2  
  14  0:35  Drone  
  17  0:48  Spawning Pool  
  17  0:49  Drone  
  17  1:10  Hatchery  
  16  1:14  Drone  
  17  1:19  Extractor  
  17  1:21  Extractor  
  15  1:37  Roach Warren  
  15  1:39  Zergling x6  
  17  1:52  Overlord  
  17  2:18  Roach x2  
  21  2:25  Roach  
  21  2:28  Roach  
  24  2:45  Roach  
  24  2:46  Ravager x2  
  27  2:56  Ravager  
  28  3:05  Ravager  
  29  3:19  Ravager  
  30  3:23  Roach  
  30  3:24  Overlord  
  31  3:35  Roach x2  
  35  4:01  Ravager x2  
  28  4:17  Ravager  
  23  4:34  Roach x4  
  31  4:41  Roach  
  31  4:58  Ravager  
Tags
 
Add a new tag
Caveats
  • Supply blocks, unpowered buildings, or Contaminate may cause inaccurate times.
  • Supply counts are checked every 10 seconds.